[Event "FIDE CB Open 2022"]
[Site "Ceske Budejovice"]
[Date "2022.07.03"]
[Round "3.8"]
[White "Librelato, Kathie Goulart"]
[Black "Kovalskyi, Roman"]
[Result "1-0"]
[ECO "B36"]
[WhiteElo "2255"]
[BlackElo "2056"]
[Annotator "ChessBase"]
[PlyCount "51"]
[EventDate "2022.07.01"]
[EventType "swiss"]
[EventCountry "CZE"]
[SourceTitle "playchess.com"]
[Source "ChessBase"]
[SourceQuality "1"]
[TimeControl "40/5400+30:1800+30"]

1. e4 c5 2. Nf3 g6 3. c4 Nc6 4. d4 cxd4 5. Nxd4 Nf6 6. Nc3 d6 7. Be2 Nxd4 8. Qxd4 Bg7 9. Be3 O-O 10. Qd2 a5 11. O-O a4 12. Bd4 Qa5 13. Rad1 Be6 14. f4 Rfc8 15. b3 axb3 16. axb3 Ne8 17. f5 Bd7 18. Nd5 Qd8 19. Bb6 Nc7 20. f6 Bf8 21. e5 Be6 22. fxe7 Bxe7 23. Nxe7+ Qxe7 24. exd6 Qh4 25. Bxc7 b5 26. d7 1-0

[Event "FIDE CB Open 2022"]
[Site "Ceske Budejovice"]
[Date "2022.07.03"]
[Round "3.9"]
[White "Domalchuk-Jonasson, Aleksandr"]
[Black "Vilimek, Vit"]
[Result "0-1"]
[ECO "D87"]
[WhiteElo "2244"]
[BlackElo "1996"]
[Annotator "TA"]
[PlyCount "115"]
[EventDate "2022.07.01"]
[EventType "swiss"]
[EventCountry "CZE"]
[SourceTitle "playchess.com"]
[Source "ChessBase"]
[SourceQuality "1"]
[TimeControl "40/5400+30:1800+30"]

1. d4 Nf6 2. c4 g6 3. Nc3 d5 4. cxd5 Nxd5 5. e4 Nxc3 6. bxc3 Bg7 7. Bc4 c5 8. Ne2 Qa5 9. O-O Nc6 10. Be3 O-O 11. Rc1 {[%emt 0:10:32] D87: Exchange Grünfeld: Classical Line: Variations without ...cxd4.} Rd8 12. Qb3 e6 13. d5 {[%emt 0:13:11] The position is equal.} Ne5 14. dxe6 Nxc4 15. exf7+ Kxf7 16. Qxc4+ Be6 17. Qxc5 Qxc5 18. Bxc5 {[%emt 0:00:17] [#]} Bxa2 $146 {[%emt 0:00:07] A strong pair of Bishops.} ({Predecessor:} 18... Bc4 19. Rc2 Bd3 20. Rd2 Bxe4 21. Rxd8 Rxd8 22. Bxa7 Rd2 23. Re1 Rxa2 24. Bd4 Bh6 {½-½ (59) Matros,A (2372)-Shen,C (2335) Charlotte 2022}) 19. Rfd1 Bc4 20. Nd4 b6 21. Ba3 Rac8 22. f4 Bxd4+ 23. cxd4 Bb3 24. Rxc8 Rxc8 $11 {[%emt 0:01:52][%mdl 4096] Endgame KRB-KRB} 25. Rd3 Bc2 26. Re3 Rc4 {[%emt 0:04:30][%mdl 1024] Black has compensation.} 27. Bb2 a5 28. Kf2 b5 {[%emt 0:01:24] With the idea ...b4.} 29. Re1 b4 {[%emt 0:02:13] [#] And now ...a4 would win.} 30. Ke3 a4 {[%emt 0:04:14] aiming for ...a3.} 31. Ra1 Rc8 32. d5 Bb3 33. Rc1 Rb8 {[%emt 0:00:36] White leaves nothing to chance now.} (33... Bc4 $11) 34. Rc7+ $18 Ke8 (34... Kg8 $142 35. Rg7+ Kf8 36. Rxh7 Re8) 35. Rxh7 Rb6 (35... Rc8 {was necessary.} 36. d6 Rc6) 36. Bd4 Rd6 37. Bc5 Ra6 38. Bxb4 a3 39. Bc3 a2 40. Rb7 $2 (40. Ba1 $18) 40... Bc4 $2 (40... Bc2 $16) 41. Ba1 Bf1 42. g4 Bg2 43. Rb4 {[%emt 0:01:35] Inhibits Ra4.} Bh3 44. g5 Ra3+ 45. Kd4 Bg2 46. h4 Bf3 47. Rc4 Ke7 48. Ke5 {[%emt 0:02:23] [#] Intending d6+ and mate.} Re3 49. Ra4 Re1 50. Bc3 Re3 51. Ba1 Re1 52. Ra7+ Ke8 53. Rxa2 Rxe4+ 54. Kd6 {[%emt 0:00:07] Ra8+ is the strong threat.} Rxf4 55. Ra8+ Kf7 56. Ra7+ Kf8 57. Bg7+ Ke8 58. Ra8+ {[%emt 0:00:18][%mdl 32768] Weighted Error Value: White=0.24 (precise) /Black=0.51. Loss on time!?} 0-1

[Event "FIDE CB Open 2022"]
[Site "Ceske Budejovice"]
[Date "2022.07.03"]
[Round "3.10"]
[White "Hurtik, Matej"]
[Black "Toman, Ondrej"]
[Result "0-1"]
[ECO "B12"]
[WhiteElo "2018"]
[BlackElo "2276"]
[Annotator "TA"]
[PlyCount "110"]
[EventDate "2022.07.01"]
[EventType "swiss"]
[EventCountry "CZE"]
[SourceTitle "playchess.com"]
[Source "ChessBase"]
[SourceQuality "1"]
[TimeControl "40/5400+30:1800+30"]

1. e4 c6 2. d4 d5 3. e5 Bf5 4. Nc3 e6 5. g4 Bg6 6. Nge2 c5 7. Be3 Nc6 8. f4 {[%emt 0:01:22] B12: Caro-Kann: Advance Variation.} h5 9. f5 $1 exf5 10. g5 {[%emt 0:00:41] [#]} (10. gxf5 $11 Bxf5 11. Bg2) 10... cxd4 $1 $17 11. Nxd4 (11. Bxd4 $15 Bb4 12. Qd2) 11... Bb4 {[%emt 0:02:41] [#]} 12. Qd2 $146 ({Predecessor:} 12. Bg2 Nge7 13. O-O O-O 14. Nde2 Nxe5 15. Nxd5 Ng4 16. Nxb4 Nxe3 17. Qxd8 Raxd8 18. Rf3 Nxg2 19. Kxg2 {0-1 (30) Vlassov,N (2493)-Khairullin,I (2629) Moscow 2015}) 12... Nge7 (12... Nxe5 $6 13. Bf4 (13. a3 Ba5 $11) 13... Nc6 14. O-O-O $11 (14. Nxc6 bxc6 15. Qd4 Qe7+ 16. Kd2 Kf8 $17)) 13. a3 Bxc3 14. Qxc3 O-O (14... Nxe5 $6 15. Bf4 Rc8 16. Qb4 $11) 15. Nxc6 Nxc6 16. O-O-O Rc8 17. Bf4 d4 18. Qc5 Na5 19. Qd6 Qe8 {[%emt 0:00:05] Inhibits Bb5.} 20. Qb4 {[%emt 0:06:31] Inhibits Qa4.} Qc6 21. Bd3 Qd5 $36 {[%emt 0:00:02][%mdl 2048] Black has some pressure.} 22. Kb1 Rc5 23. Qa4 {[%emt 0:12:17] [#]} (23. Rhe1 $15) 23... Nc6 (23... Nc4 $142 $1 24. Rhe1 a5) 24. Rhe1 Nd8 25. Qb3 (25. Qxa7 Ne6 26. Rf1 h4 $11) 25... Qc6 26. Qb4 (26. Rd2 $17 {was necessary.}) 26... Ne6 $19 27. Rf1 a5 28. Qd2 b5 (28... Rb8 $19 {...b5 is the strong threat.} 29. h4 b5 30. Qxa5 b4) 29. Qxa5 $15 Rb8 {[%emt 0:02:29][%cal Ob5b4] Strongly threatening ...b4!} 30. Qe1 Qc7 31. Bd2 Rc8 32. Bb4 $2 (32. Rc1 $17 {was worth a try.}) 32... Rxe5 $19 (32... Rxc2 33. Bd6 Qc6 34. Bxc2 Qxc2+ 35. Ka1) 33. Qh4 Re4 34. Qf2 $17 Rf4 35. Qd2 Rxf1 36. Rxf1 f4 37. Bxg6 fxg6 38. Qe2 Nxg5 {[%emt 0:00:40] Hoping for ...f3.} 39. Rg1 $2 (39. h4 $17 {is tougher.} Nf7 40. Qe4) 39... f3 $19 40. Qd3 f2 41. Rf1 Qxh2 42. Qxd4 Nh3 43. Qd7 Rc7 ({Weaker is} 43... Qc7 44. Qxh3 Qxc2+ 45. Ka2 $11) 44. Qxb5 ({But not} 44. Qd6 Qxd6 45. Bxd6 Rf7) 44... Kh7 {[%emt 0:03:10] Active counter play!} 45. a4 (45. b3 $142 Qg2 46. Qe2) 45... Qg2 {[%emt 0:02:58] White must now prevent ...Rb7.} 46. Bc3 Rb7 47. Qc4 Qg4 48. Qc6 (48. Qxg4 hxg4 49. Be5) 48... Rd7 {[%emt 0:01:34] aiming for ...Rd1+.} 49. Ka2 Rf7 ({Not} 49... Rd1 50. Rxd1 Qxd1 51. Qb7 $17) 50. a5 Ng5 51. a6 Qe2 52. Qg2 Qxa6+ {[%emt 0:00:36] Black mates.} 53. Kb1 {[%emt 0:00:01] [#]} Ne4 $1 54. Be1 {[%emt 0:00:58] [#]} (54. Ba5 Qxa5) 54... Ra7 $1 55. c4 Qa2+ {[%emt 0:00:00] Weighted Error Value: White=0.69/Black=0.29 (precise)} 0-1

[Event "FIDE CB Open 2022"]
[Site "Ceske Budejovice"]
[Date "2022.07.03"]
[Round "3.11"]
[White "Sykora, Ondrej"]
[Black "Maryasin, Boris"]
[Result "1/2-1/2"]
[ECO "B22"]
[WhiteElo "2099"]
[BlackElo "2260"]
[Annotator "TA"]
[PlyCount "84"]
[EventDate "2022.07.01"]
[EventType "swiss"]
[EventCountry "CZE"]
[SourceTitle "playchess.com"]
[Source "ChessBase"]
[SourceQuality "1"]
[TimeControl "40/5400+30:1800+30"]

1. e4 c5 2. c3 Nf6 3. e5 Nd5 4. d4 cxd4 5. Nf3 e6 6. cxd4 b6 7. Bd3 Bb7 8. a3 d6 {[%emt 0:00:28] B22: Sicilian: 2 c3.} 9. O-O Nd7 {[%emt 0:00:36] [#]} 10. exd6 $146 ({Predecessor:} 10. Re1 Be7 11. Nbd2 O-O 12. Ne4 dxe5 13. dxe5 Nc5 14. Nxc5 Bxc5 15. Bxh7+ Kxh7 16. Ng5+ Kg6 17. Qd3+ f5 18. exf6+ Kh6 19. Qh7# {1-0 (19) Bacrot,E (2642)-Astasio Lopez,D (2371) Chess.com INT 2022}) 10... Bxd6 {[%emt 0:00:15] The position is equal.} 11. Nc3 Nxc3 12. bxc3 Rc8 13. Bb2 Qf6 14. Re1 Bxf3 15. Qxf3 Qxf3 16. gxf3 O-O 17. a4 Nf6 18. c4 {[%emt 0:00:52] Inhibits Nd5.} Rfd8 19. Red1 a5 20. Bf1 Nd7 21. Bc3 e5 22. d5 Nc5 23. Rdb1 Bc7 24. Bd2 (24. Rb5 $5 ) 24... Rd6 25. Be3 Bd8 26. Rb5 (26. Bh3 $5 Nd7 27. Rc1 $14) 26... Nd7 27. Rc1 f5 28. Ra1 Rg6+ 29. Kh1 Bg5 30. Bd3 Bxe3 31. fxe3 Rf6 32. Bf1 g5 33. Rb2 Kf7 34. Rg2 Rg6 (34... Rg8 $17) 35. Bd3 $11 Kf6 36. Rag1 Rcg8 37. e4 h6 (37... f4 $15 {keeps the upper hand.}) 38. h3 (38. exf5 $16 R6g7 39. Rg3) 38... h5 (38... f4 $15 {stays ahead.}) 39. Rb1 (39. exf5 $16 R6g7 40. Kh2) 39... g4 (39... f4 $5 ) 40. hxg4 hxg4 41. fxg4 Rxg4 42. Rxg4 Rxg4 {[%emt 0:00:04] Weighted Error Value: White=0.25 (precise) /Black=0.26 (precise)} 1/2-1/2

[Event "FIDE CB Open 2022"]
[Site "Ceske Budejovice"]
[Date "2022.07.03"]
[Round "3.12"]
[White "Abdulla, Khayala"]
[Black "Zilavy, Jan"]
[Result "1-0"]
[ECO "A43"]
[WhiteElo "2207"]
[BlackElo "2090"]
[Annotator "ChessBase"]
[PlyCount "47"]
[EventDate "2022.07.01"]
[EventType "swiss"]
[EventCountry "CZE"]
[SourceTitle "playchess.com"]
[Source "ChessBase"]
[SourceQuality "1"]
[TimeControl "40/5400+30:1800+30"]

1. d4 Nf6 2. Nf3 g6 3. Nc3 Bg7 4. e4 d6 5. Be2 O-O 6. O-O c5 7. d5 e6 8. dxe6 Bxe6 9. Bg5 Qb6 10. Qd2 Na6 11. Rfd1 Rad8 12. Qf4 Nh5 13. Bxd8 Rxd8 14. Qd2 Qxb2 15. e5 Ra8 16. Rab1 Qa3 17. Nb5 Qa4 18. Nxd6 b6 19. Bb5 Qa3 20. Nc4 Bxc4 21. Bxc4 Nb4 22. c3 b5 23. Bxf7+ Kxf7 24. cxb4 1-0

[Event "FIDE CB Open 2022"]
[Site "Ceske Budejovice"]
[Date "2022.07.03"]
[Round "3.13"]
[White "Valantiejus, Vaidotas"]
[Black "Mostbauer, Maximilian"]
[Result "1/2-1/2"]
[ECO "B11"]
[WhiteElo "2062"]
[BlackElo "2192"]
[Annotator "RC"]
[PlyCount "24"]
[EventDate "2022.07.01"]
[EventType "swiss"]
[EventCountry "CZE"]
[SourceTitle "playchess.com"]
[Source "ChessBase"]
[SourceQuality "1"]
[TimeControl "40/5400+30:1800+30"]

1. e4 c6 2. Nc3 d5 3. Nf3 dxe4 4. Nxe4 Nf6 5. Qe2 Nxe4 6. Qxe4 Nd7 7. Bc4 Nf6 8. Ne5 e6 9. Qe2 Bd6 10. d4 Qc7 11. O-O O-O 12. Bf4 Nd5 1/2-1/2

[Event "FIDE CB Open 2022"]
[Site "Ceske Budejovice"]
[Date "2022.07.03"]
[Round "3.14"]
[White "Borkovec, Milan"]
[Black "Blumel, Otto"]
[Result "1/2-1/2"]
[ECO "B29"]
[WhiteElo "2188"]
[BlackElo "1855"]
[Annotator "RC"]
[PlyCount "32"]
[EventDate "2022.07.01"]
[EventType "swiss"]
[EventCountry "CZE"]
[SourceTitle "playchess.com"]
[Source "ChessBase"]
[SourceQuality "1"]
[TimeControl "40/5400+30:1800+30"]

1. e4 c5 2. Nf3 Nf6 3. Nc3 Nc6 4. d4 d5 5. exd5 Nxd5 6. dxc5 Nxc3 7. Qxd8+ Kxd8 8. bxc3 f6 9. Be3 e5 10. Bc4 Kc7 11. Nd2 Bf5 12. O-O-O Rd8 13. Nb1 Be7 14. Na3 a6 15. Bd5 Na5 16. Rd2 Kb8 1/2-1/2

[Event "FIDE CB Open 2022"]
[Site "Ceske Budejovice"]
[Date "2022.07.03"]
[Round "3.15"]
[White "Vybiral, Zdenek"]
[Black "Zauner, Christoph"]
[Result "1/2-1/2"]
[ECO "C18"]
[WhiteElo "2143"]
[BlackElo "1963"]
[Annotator "ChessBase"]
[PlyCount "58"]
[EventDate "2022.07.01"]
[EventType "swiss"]
[EventCountry "CZE"]
[SourceTitle "playchess.com"]
[Source "ChessBase"]
[SourceQuality "1"]
[TimeControl "40/5400+30:1800+30"]

1. e4 e6 2. d4 d5 3. Nc3 Bb4 4. e5 Ne7 5. a3 Bxc3+ 6. bxc3 c5 7. Qg4 O-O 8. Bd3 Nbc6 9. Qh5 Ng6 10. Nf3 Qc7 11. Be3 c4 12. Bxg6 fxg6 13. Qg4 Qf7 14. Ng5 Qe8 15. h4 b5 16. Kd2 Bd7 17. h5 h6 18. Nh3 g5 19. f4 gxf4 20. Nxf4 Ne7 21. Ng6 Nxg6 22. hxg6 Qe7 23. Bxh6 gxh6 24. Rxh6 Rf2+ 25. Ke3 Rxc2 26. Rah1 Rxc3+ 27. Kd2 Rd3+ 28. Ke2 Re3+ 29. Kd2 Rd3+ 1/2-1/2

[Event "FIDE CB Open 2022"]
[Site "Ceske Budejovice"]
[Date "2022.07.03"]
[Round "3.16"]
[White "Sudrich, Radek"]
[Black "Bartos, Jan"]
[Result "1/2-1/2"]
[ECO "A81"]
[WhiteElo "2049"]
[BlackElo "2142"]
[Annotator "NA RC"]
[PlyCount "39"]
[EventDate "2022.07.01"]
[EventType "swiss"]
[EventCountry "CZE"]
[SourceTitle "playchess.com"]
[Source "ChessBase"]
[SourceQuality "1"]
[TimeControl "40/5400+30:1800+30"]

1. d4 f5 2. g3 Nf6 3. Bg2 g6 4. c3 Bg7 5. Nd2 Nc6 6. e4 fxe4 7. Nxe4 O-O 8. Nxf6+ exf6 9. Qb3+ Kh8 10. Ne2 b6 11. O-O Bb7 12. Qc2 Na5 13. d5 Nc4 14. b3 Nd6 15. Ba3 Re8 16. Rad1 f5 17. Nd4 Qf6 18. Bxd6 cxd6 19. Qd2 a6 20. Rfe1 1/2-1/2

[Event "FIDE CB Open 2022"]
[Site "Ceske Budejovice"]
[Date "2022.07.03"]
[Round "3.17"]
[White "Slaby, Matej"]
[Black "Dotzer, Lukas"]
[Result "1/2-1/2"]
[ECO "A48"]
[WhiteElo "1796"]
[BlackElo "2269"]
[Annotator "RC"]
[PlyCount "29"]
[EventDate "2022.07.01"]
[EventType "swiss"]
[EventCountry "CZE"]
[SourceTitle "playchess.com"]
[Source "ChessBase"]
[SourceQuality "1"]
[TimeControl "40/5400+30:1800+30"]

1. Nf3 Nf6 2. d4 g6 3. Bf4 Bg7 4. e3 O-O 5. h3 c5 6. c3 Qb6 7. Qb3 Qxb3 8. axb3 cxd4 9. exd4 d6 10. Bd3 Nbd7 11. O-O e5 12. dxe5 Nd5 13. Bh2 dxe5 14. Re1 Re8 15. Nbd2 1/2-1/2

[Event "FIDE CB Open 2022"]
[Site "Ceske Budejovice"]
[Date "2022.07.03"]
[Round "3.18"]
[White "Simek, Petr"]
[Black "Hosnedl, Matyas"]
[Result "1-0"]
[ECO "A57"]
[WhiteElo "2348"]
[BlackElo "1967"]
[Annotator "ChessBase"]
[PlyCount "69"]
[EventDate "2022.07.01"]
[EventType "swiss"]
[EventCountry "CZE"]
[SourceTitle "playchess.com"]
[Source "ChessBase"]
[SourceQuality "1"]
[TimeControl "40/5400+30:1800+30"]

1. d4 Nf6 2. c4 c5 3. d5 b5 4. cxb5 a6 5. bxa6 g6 6. Nc3 Bg7 7. e4 O-O 8. a7 Rxa7 9. Nf3 Ba6 10. Bxa6 Rxa6 11. O-O d6 12. Re1 Nbd7 13. a4 Qa8 14. Ra3 Rb8 15. Qc2 Ng4 16. Bd2 Nge5 17. Nxe5 Nxe5 18. Nb5 Rc8 19. Bc3 Nc4 20. Ra2 Nb6 21. Bxg7 Kxg7 22. Rea1 c4 23. Qc3+ Kg8 24. a5 Rc5 25. Nd4 Nd7 26. Ra4 Nb6 27. R4a3 Nd7 28. Ra4 Nb6 29. R4a3 Nd7 30. h3 Nf6 31. f3 Nd7 32. Kh2 Ne5 33. Ra4 Qc8 34. f4 Nd3 35. b4 1-0

[Event "FIDE CB Open 2022"]
[Site "Ceske Budejovice"]
[Date "2022.07.03"]
[Round "3.19"]
[White "Sadek, Vojtech"]
[Black "Palchuk, Andrii"]
[Result "0-1"]
[ECO "B12"]
[WhiteElo "1973"]
[BlackElo "2248"]
[Annotator "ChessBase"]
[PlyCount "70"]
[EventDate "2022.07.01"]
[EventType "swiss"]
[EventCountry "CZE"]
[SourceTitle "playchess.com"]
[Source "ChessBase"]
[SourceQuality "1"]
[TimeControl "40/5400+30:1800+30"]

1. e4 c6 2. d4 d5 3. f3 Qb6 4. a4 a5 5. exd5 cxd5 6. Nc3 e6 7. Bb5+ Nc6 8. Nge2 Nf6 9. O-O Be7 10. Kh1 Bd7 11. Bf4 O-O 12. Re1 Rac8 13. Qd2 Bb4 14. Bg5 Ne8 15. Qd3 Nd6 16. Red1 Rfe8 17. Bf4 Nf5 18. Rab1 Qd8 19. Na2 Bf8 20. Qd2 Nce7 21. Nac3 Bc6 22. Ng3 Nxg3+ 23. hxg3 Nf5 24. Bd3 Nxd4 25. Bxh7+ Kxh7 26. Qxd4 Kg8 27. Qd3 e5 28. Bd2 d4 29. Nb5 e4 30. Qxd4 exf3 31. Qxd8 fxg2+ 32. Kh2 Rcxd8 33. Bxa5 Rxd1 34. Rxd1 Re5 35. g4 Bc5 0-1

[Event "FIDE CB Open 2022"]
[Site "Ceske Budejovice"]
[Date "2022.07.03"]
[Round "3.20"]
[White "Vrchotka, Josef"]
[Black "Matras, Ondrej"]
[Result "0-1"]
[ECO "C08"]
[WhiteElo "1959"]
[BlackElo "2229"]
[Annotator "RC"]
[PlyCount "38"]
[EventDate "2022.07.01"]
[EventType "swiss"]
[EventCountry "CZE"]
[SourceTitle "playchess.com"]
[Source "ChessBase"]
[SourceQuality "1"]
[TimeControl "40/5400+30:1800+30"]

1. e4 e6 2. d4 d5 3. Nd2 a6 4. Ngf3 c5 5. exd5 exd5 6. dxc5 Bxc5 7. Nb3 Bb6 8. Bd3 Nf6 9. O-O O-O 10. h3 Qd6 11. c3 Nc6 12. Bg5 h6 13. Bh4 g5 14. Bg3 Qxg3 15. Nbd4 Qd6 16. Bc2 Bd7 17. Qd2 Qf4 18. Qd3 Nxd4 19. cxd4 Bb5 0-1

[Event "FIDE CB Open 2022"]
[Site "Ceske Budejovice"]
[Date "2022.07.03"]
[Round "3.21"]
[White "Kula, Dominik"]
[Black "Tsifanskaya, Ludmila A"]
[Result "1-0"]
[ECO "D03"]
[WhiteElo "2229"]
[BlackElo "1941"]
[Annotator "ChessBase"]
[PlyCount "53"]
[EventDate "2022.07.01"]
[EventType "swiss"]
[EventCountry "CZE"]
[SourceTitle "playchess.com"]
[Source "ChessBase"]
[SourceQuality "1"]
[TimeControl "40/5400+30:1800+30"]

1. d4 Nf6 2. Bf4 d5 3. Nf3 e6 4. e3 Bd6 5. Ne5 O-O 6. Nd2 b6 7. Bd3 c5 8. c3 Bb7 9. Bg5 Be7 10. Qc2 c4 11. Be2 Nfd7 12. Nxd7 Nxd7 13. h4 e5 14. dxe5 Nxe5 15. Bf4 Ng6 16. Bg3 d4 17. cxd4 Bxh4 18. Bxh4 Nxh4 19. O-O-O Ng6 20. Kb1 b5 21. Rh5 Bxg2 22. f3 h6 23. Rg1 Nh4 24. Qe4 Qa5 25. Nxc4 Qc7 26. Qxh4 bxc4 27. Rxg2 1-0

[Event "FIDE CB Open 2022"]
[Site "Ceske Budejovice"]
[Date "2022.07.03"]
[Round "3.22"]
[White "Chval, Zdenek"]
[Black "Hiermann, Dietmar"]
[Result "1/2-1/2"]
[ECO "C92"]
[WhiteElo "2063"]
[BlackElo "2224"]
[Annotator "RC"]
[PlyCount "101"]
[EventDate "2022.07.01"]
[EventType "swiss"]
[EventCountry "CZE"]
[SourceTitle "playchess.com"]
[Source "ChessBase"]
[SourceQuality "1"]
[TimeControl "40/5400+30:1800+30"]

1. e4 e5 2. Nf3 Nc6 3. Bb5 a6 4. Ba4 Nf6 5. O-O b5 6. Bb3 Be7 7. Re1 d6 8. h3 Na5 9. c3 Nxb3 10. Qxb3 O-O 11. d4 exd4 12. cxd4 c5 13. Bg5 h6 14. Bxf6 Bxf6 15. e5 dxe5 16. dxe5 Be7 17. Qe3 Qb6 18. Nc3 Bb7 19. Rad1 Rad8 20. Qf4 Qe6 21. b3 Rxd1 22. Rxd1 Rd8 23. Rxd8+ Bxd8 24. Ne4 Be7 25. Nd6 Bxf3 26. gxf3 f6 27. Nf5 fxe5 28. Qg4 Bf8 29. Qe4 Kf7 30. Qb7+ Kg6 31. Ng3 Kh7 32. Qe4+ Kg8 33. f4 Qxh3 34. Qd5+ Kh7 35. fxe5 Qc8 36. e6 c4 37. bxc4 bxc4 38. Qe4+ Kh8 39. e7 Bxe7 40. Qxe7 c3 41. Qe3 c2 42. Ne2 Qc4 43. Nc1 Kh7 44. f4 Kg6 45. Qe5 Qc6 46. Kf2 Kf7 47. Qf5+ Ke7 48. Qe5+ Kf7 49. Qf5+ Ke7 50. Qe5+ Kf7 51. Qf5+ 1/2-1/2

[Event "FIDE CB Open 2022"]
[Site "Ceske Budejovice"]
[Date "2022.07.03"]
[Round "3.23"]
[White "Lang, Simon"]
[Black "Zima, Jan"]
[Result "0-1"]
[ECO "B98"]
[WhiteElo "1942"]
[BlackElo "2134"]
[Annotator "ChessBase"]
[PlyCount "94"]
[EventDate "2022.07.01"]
[EventType "swiss"]
[EventCountry "CZE"]
[SourceTitle "playchess.com"]
[Source "ChessBase"]
[SourceQuality "1"]
[TimeControl "40/5400+30:1800+30"]

1. e4 c5 2. Nf3 d6 3. d4 cxd4 4. Nxd4 Nf6 5. Nc3 a6 6. Bg5 e6 7. f4 h6 8. Bh4 Be7 9. Qf3 g5 10. fxg5 Nfd7 11. Nxe6 fxe6 12. Qh5+ Kf8 13. Bc4 Ne5 14. O-O+ Kg7 15. Rf6 Qe8 16. gxh6+ Kh7 17. Qe2 Bxf6 18. Bxf6 Rf8 19. Bg7 Rf7 20. Rd1 Qc6 21. Bxe5 dxe5 22. Qh5 Qc5+ 23. Kh1 Qf8 24. Qxe5 b5 25. Bd3 Nc6 26. Qg5 Nb4 27. Be2 Bb7 28. h3 Qe7 29. Qe5 Nc6 30. Qh5 b4 31. Na4 Rg8 32. h4 Rf4 33. g4 Qf7 34. Qc5 Rf2 35. Rd7 Qxd7 36. Qxf2 Qe7 37. g5 Rf8 38. Qg3 Qf7 39. h5 Qf4 40. Qg2 Qc1+ 41. Kh2 Qf4+ 42. Kg1 Ne5 43. Nc5 Qe3+ 44. Kh1 Qxc5 45. g6+ Kxh6 46. g7 Rg8 47. Bg4 Qe3 0-1

[Event "FIDE CB Open 2022"]
[Site "Ceske Budejovice"]
[Date "2022.07.03"]
[Round "3.24"]
[White "Johannsson, Birkir Isak"]
[Black "Milovs, Daniels"]
[Result "1-0"]
[ECO "A49"]
[WhiteElo "2131"]
[BlackElo "1926"]
[Annotator "RC"]
[PlyCount "115"]
[EventDate "2022.07.01"]
[EventType "swiss"]
[EventCountry "CZE"]
[SourceTitle "playchess.com"]
[Source "ChessBase"]
[SourceQuality "1"]
[TimeControl "40/5400+30:1800+30"]

1. Nf3 Nf6 2. g3 g6 3. b3 Bg7 4. Bb2 d6 5. d4 O-O 6. Bg2 Nc6 7. O-O e5 8. dxe5 Nd7 9. Qc1 dxe5 10. Rd1 Re8 11. e4 Qf6 12. Qe3 Bf8 13. Nc3 Bc5 14. Qe2 Bb6 15. Nd5 Qg7 16. a4 Nf6 17. Nxb6 axb6 18. h3 h6 19. Rd2 Nd7 20. Rad1 Nc5 21. Qe3 Be6 22. Ba3 Na6 23. Qc3 f6 24. Bf1 Nab8 25. Kh2 Qf7 26. Bb5 Kg7 27. Nh4 Rh8 28. Nf3 Na7 29. Bb2 Nxb5 30. axb5 Rc8 31. Rd8 Qe7 32. Rxc8 Bxc8 33. Ne1 c5 34. bxc6 Nxc6 35. Qe3 Qc5 36. Qxc5 bxc5 37. Rd5 Ra2 38. Nd3 Nb4 39. Nxb4 cxb4 40. Rc5 Rxb2 41. Rxc8 f5 42. exf5 gxf5 43. Kg2 e4 44. g4 fxg4 45. hxg4 Kf6 46. Kg3 Ke5 47. Rc4 Kd5 48. Kf4 b5 49. Rxb4 Rxc2 50. Rxb5+ Kc6 51. Rf5 Rxf2+ 52. Kxe4 Re2+ 53. Kf4 Re6 54. b4 Kb6 55. Kg3 Kc6 56. Kh4 Kb6 57. Kh5 Kc6 58. Rb5 1-0

[Event "FIDE CB Open 2022"]
[Site "Ceske Budejovice"]
[Date "2022.07.03"]
[Round "3.25"]
[White "Hlavac, Rudolf"]
[Black "Hofstadler, Mario"]
[Result "0-1"]
[ECO "B15"]
[WhiteElo "1931"]
[BlackElo "2123"]
[Annotator "ChessBase"]
[PlyCount "66"]
[EventDate "2022.07.01"]
[EventType "swiss"]
[EventCountry "CZE"]
[SourceTitle "playchess.com"]
[Source "ChessBase"]
[SourceQuality "1"]
[TimeControl "40/5400+30:1800+30"]

1. e4 c6 2. d4 d5 3. Nc3 dxe4 4. Nxe4 Nf6 5. Nxf6+ exf6 6. Nf3 Bd6 7. Be3 O-O 8. Qd2 Bg4 9. Be2 Re8 10. h3 Bh5 11. g4 Bg6 12. O-O-O Be4 13. Rhg1 Na6 14. a3 b5 15. Nh4 g6 16. f3 Bd5 17. Rg2 Nc7 18. Kb1 Bc4 19. Bh6 Nd5 20. Rdg1 Qc7 21. Bd1 b4 22. b3 Nc3+ 23. Kb2 Qa5 24. a4 Bd5 25. Nf5 Qc7 26. h4 Re6 27. Nxd6 Qxd6 28. Bf4 Qe7 29. g5 f5 30. h5 Re8 31. Be5 Rxe5 32. dxe5 Qxe5 33. Kc1 Ne4 0-1

[Event "FIDE CB Open 2022"]
[Site "Ceske Budejovice"]
[Date "2022.07.03"]
[Round "3.26"]
[White "Koch-Muller, Oscar"]
[Black "Vaculik, Martin"]
[Result "1/2-1/2"]
[ECO "D36"]
[WhiteElo "2115"]
[BlackElo "2284"]
[Annotator "ChessBase"]
[PlyCount "56"]
[EventDate "2022.07.01"]
[EventType "swiss"]
[EventCountry "CZE"]
[SourceTitle "playchess.com"]
[Source "ChessBase"]
[SourceQuality "1"]
[TimeControl "40/5400+30:1800+30"]

1. d4 d5 2. c4 e6 3. Nc3 Nf6 4. cxd5 exd5 5. Bg5 c6 6. e3 Be7 7. Bd3 Nbd7 8. Qc2 Nh5 9. Bxe7 Qxe7 10. Nge2 g6 11. O-O O-O 12. Rae1 Ndf6 13. Nf4 Nxf4 14. exf4 Qb4 15. f5 Kg7 16. fxg6 fxg6 17. f4 Qxd4+ 18. Kh1 Bd7 19. f5 g5 20. Ne2 Qb4 21. a3 Qd6 22. Nd4 Rae8 23. Qd2 h6 24. Nf3 Rxe1 25. Rxe1 Re8 26. Rxe8 Bxe8 27. Qe3 c5 28. h4 d4 1/2-1/2

[Event "FIDE CB Open 2022"]
[Site "Ceske Budejovice"]
[Date "2022.07.03"]
[Round "3.27"]
[White "Svanda, Adam"]
[Black "Prazak, Daniel"]
[Result "1/2-1/2"]
[ECO "D34"]
[WhiteElo "1918"]
[BlackElo "2113"]
[Annotator "RC"]
[PlyCount "136"]
[EventDate "2022.07.01"]
[EventType "swiss"]
[EventCountry "CZE"]
[SourceTitle "playchess.com"]
[Source "ChessBase"]
[SourceQuality "1"]
[TimeControl "40/5400+30:1800+30"]

1. c4 e6 2. g3 Nf6 3. Bg2 d5 4. b3 Be7 5. Bb2 O-O 6. Nf3 c5 7. O-O Nc6 8. cxd5 exd5 9. d4 Be6 10. Nc3 Rc8 11. Rc1 cxd4 12. Nxd4 Qd7 13. e3 Rfd8 14. Nce2 Bg4 15. f3 Bh3 16. Nf4 Bxg2 17. Kxg2 a6 18. a3 Nxd4 19. Qxd4 Rc6 20. Rxc6 bxc6 21. b4 a5 22. Nd3 axb4 23. axb4 Qb7 24. Ra1 Ra8 25. Nc5 Bxc5 26. Qxc5 Rxa1 27. Bxa1 Ne8 28. Bd4 Qd7 29. Qa7 Qxa7 30. Bxa7 f6 31. e4 dxe4 32. fxe4 Nc7 33. Bb8 Nb5 34. Kf2 Na3 35. Ke2 Kf7 36. Kd3 Ke6 37. Kd4 Nc2+ 38. Kc5 Kd7 39. h3 Ne1 40. Kd4 Ke6 41. Kc5 Nd3+ 42. Kxc6 Nxb4+ 43. Kb5 Nd3 44. Kc4 Nf2 45. h4 Nxe4 46. Kd4 Nd6 47. Ke3 h5 48. Kf4 Nb5 49. Ke4 g6 50. Kf4 Nd4 51. Ke4 Nc6 52. Bc7 Ne5 53. Bb8 Ng4 54. Bc7 Kd7 55. Bb8 Kc6 56. Bf4 Kc5 57. Bc7 Kc4 58. Ba5 Nf2+ 59. Kf3 Nd3 60. Bd8 Ne5+ 61. Ke4 Ng4 62. Ba5 Kc5 63. Bc7 Kc6 64. Bb8 Kd7 65. Bf4 Ke6 66. Bc7 Nf2+ 67. Ke3 Nd1+ 68. Kd2 Nf2 1/2-1/2